 Dungeon Crawl Stone Soup version 0.20.2-3-g29329e0561 (webtiles) character file.

1096 Alfie the Slasher (level 8, 0/71 HPs)
             Began as a Minotaur Fighter on Oct 26, 2020.
             Slain by an ogre
             ... wielding a +0 giant spiked club
              (16 damage)
             ... on level 6 of the Dungeon.
             The game lasted 00:10:22 (3543 turns).

Alfie the Slasher (Minotaur Fighter)                Turns: 3543, Time: 00:10:22

Health: 0/71       AC: 13    Str: 22    XL:     8   Next: 10%
Magic:  7/7        EV: 14    Int:  7    God:
Gold:   382        SH: 12    Dex: 16    Spells: 7/7 levels left

rFire    . . .     SeeInvis .   a - +0 long sword
rCold    . . .     Gourm    .   c - +1 shield
rNeg     . . .     Faith    .   b - +1 scale mail
rPois    +         Spirit   .   (helmet restricted)
rElec    .         Reflect  .   t - scarf {repulsion}
rCorr    .         Harm     .   s - +0 pair of gloves
MR       .....                  m - +1 pair of boots
Stlth    ++........             (no amulet)
Regen    0.3/turn               x - ring of poison resistance
MPRegen  0.1/turn               n - ring of stealth

@: agile, repel missiles
A: retaliatory headbutt, horns 2, rugged brown scales 1, clever 1, screaming 1,
evolution 1
a: no special abilities


You were on level 6 of the Dungeon.
You were not hungry.

You visited 1 branch of the dungeon, and saw 6 of its levels.

You collected 382 gold pieces.

Inventory:

Hand Weapons
 a - a +0 long sword (weapon)
Missiles
 o - 2 tomahawks (quivered)
Armour
 b - a +1 scale mail (worn)
 c - a +1 shield (worn)
 m - a +1 pair of boots (worn)
 s - a +0 pair of gloves (worn)
 t - a scarf of repulsion (worn)
Jewellery
 n - a ring of stealth (right hand)
 x - a ring of poison resistance (left hand)
Wands
 p - a wand of confusion (34/48)
 q - a wand of acid (12/15)
 r - a wand of iceblast (9/15)
Scrolls
 e - 4 scrolls of remove curse
 h - a scroll of amnesia
 l - 3 scrolls of immolation
 y - a scroll of teleportation
Potions
 d - a potion of might
 i - a potion of brilliance
 j - 3 potions of mutation
 k - 2 potions of curing
 w - a potion of lignification
Comestibles
 f - 2 bread rations
 g - 4 meat rations
 v - 2 royal jellies


   Skills:
 + Level 5.4 Fighting
 + Level 7.6 Long Blades
 + Level 6.0 Armour
 + Level 2.5 Dodging
 + Level 0.6 Stealth
 + Level 6.1 Shields


You had 7 spell levels left.
You didn't know any spells.

Dungeon Overview and Level Annotations

Branches:
Dungeon (6/15)
 Temple: D:4-7

Altars:
Ashenzari
Elyvilon
Gozag
Makhleb
Okawaru
Ru
Trog
Uskayaw
Xom
The Shining One


Innate Abilities, Weirdness & Mutations

You reflexively headbutt those who attack you in melee.
You have a pair of horns on your head.
You are partially covered in rugged brown scales. (AC +1, +3% HP)
Your mind is acute. (Int +2)
You occasionally shout uncontrollably at your foes.
You evolve.


Message History

You feel agile all of a sudden.
An ogre comes into view. It is wielding a giant spiked club.
The ogre shouts!
You are starting to lose your buoyancy.
You float gracefully downwards.
You hit the ogre.
The ogre is lightly wounded.
The ogre hits you with a giant spiked club.
* * * LOW HITPOINT WARNING * * *
You hit the ogre.
The ogre is lightly wounded.
The ogre hits you with a giant spiked club.
* * * LOW HITPOINT WARNING * * *
You barely miss the ogre.
You headbutt the ogre, but do no damage.
The ogre is lightly wounded.
You hit the ogre but do no damage. Your headbutt misses the ogre.
The ogre is lightly wounded.
The ogre hits you with a giant spiked club!
You die...

#......##
#######.#####
.....##......
#......#.####
#.##.#..#.##
#.##.#.###.##
########........##.#
#........##.....#.##
#..@O............##
#.........#.........
#...................
#.........#.#..##...
#..............# ###
#.......###.####
######### #.# #.#


You could see an ogre.

Vanquished Creatures
  The ghost of Alfie the Slasher, a novice MiFi (D:5)
  2 sky beasts (D:6)
  A phantom (D:4)
  A howler monkey (D:5)
  A crimson imp (D:5)
  A bullfrog zombie (D:5)
  Crazy Yiuf (D:2)
  An iguana (D:5)
  4 gnolls (D:5)
  3 adders
  3 shadow imps
  An ooze (D:5)
  3 worms
  4 dart slugs
  4 leopard geckos
  A ball python (D:4)
  5 bats
  2 giant cockroaches
  9 goblins
  12 hobgoblins
  2 jackals (D:1)
  9 kobolds
  2 quokkas
  6 frilled lizards
  3 rats
82 creatures vanquished.

Notes
Turn   | Place    | Note
-------+----------+-------------------------------------------
     0 | D:1      | Alfie the Minotaur Fighter began the quest for the Orb.
     0 | D:1      | Reached XP level 1. HP: 19/19 MP: 0/0
   238 | D:1      | Reached XP level 2. HP: 9/27 MP: 1/1
   936 | D:2      | Reached XP level 3. HP: 33/33 MP: 2/2
   967 | D:2      | Found a sacrificial altar of Ru.
  1073 | D:2      | Found a runed door.
  1390 | D:2      | Noticed Crazy Yiuf
  1396 | D:2      | Killed Crazy Yiuf
  1400 | D:2      | Gained mutation: Your mind is acute. (Int +2) [potion of mutation]
  1400 | D:2      | Gained mutation: You are partially covered in rugged brown scales. (AC +1, +3% HP) [potion of mutation]
  1400 | D:2      | Gained mutation: You occasionally shout uncontrollably at your foes. [potion of mutation]
  1400 | D:2      | Gained mutation: You evolve. [potion of mutation]
  1471 | D:3      | Reached skill level 3 in Long Blades
  1471 | D:3      | Reached XP level 4. HP: 21/41 MP: 3/3
  1880 | D:3      | Found a bloodstained altar of Trog.
  2583 | D:4      | Noticed a phantom
  2609 | D:4      | Killed a phantom
  2609 | D:4      | Reached skill level 4 in Long Blades
  2609 | D:4      | Reached skill level 5 in Armour
  2609 | D:4      | Reached XP level 5. HP: 43/48 MP: 4/4
  2732 | D:4      | Found an iron altar of Okawaru.
  2733 | D:4      | Found an opulent altar of Gozag.
  2850 | D:5      | Entered Level 5 of the Dungeon
  2875 | D:5      | Reached XP level 6. HP: 49/54 MP: 5/5
  2885 | D:5      | Reached skill level 5 in Long Blades
  2885 | D:5      | Reached skill level 5 in Shields
  2888 | D:5      | Noticed Alfie's ghost (novice MiFi)
  2941 | D:5      | Killed Alfie's ghost
  2941 | D:5      | Reached skill level 5 in Fighting
  2941 | D:5      | Reached skill level 7 in Long Blades
  2941 | D:5      | Reached XP level 7. HP: 19/62 MP: 6/6
  3035 | D:5      | Found a shattered altar of Ashenzari.
  3152 | D:5      | Found a hide-covered altar of Uskayaw.
  3210 | D:5      | Found a glowing golden altar of the Shining One.
  3241 | D:5      | Found a faded altar of an unknown god.
  3241 | D:5      | Found a shimmering altar of Xom.
  3246 | D:5      | Found a burning altar of Makhleb.
  3248 | D:5      | Found a white marble altar of Elyvilon.
  3249 | D:5      | Found a faded altar of an unknown god.
  3465 | D:6      | Reached XP level 8. HP: 68/70 MP: 7/7
  3543 | D:6      | Slain by an ogre

Skill      XL: |  1  2  3  4  5  6  7  8 |
---------------+-------------------------+-----
Armour         | 4 5 6 |  6.0
Fighting       | 4 5 |  5.4
Shields        | 4 5 6 |  6.1
Long Blades    | 3 4 7 |  7.6
Dodging        | 2 |  2.5
Stealth        | |  0.6

Action                   |  1- 3 |  4- 6 |  7- 9 || total
-------------------------+-------+-------+-------++-------
Melee: Long sword        |    68 |   148 |    72 ||   288
       Headbutt          |    15 |    15 |    15 ||    45
  Use: Potion            |     4 |     5 |     2 ||    11
       Scroll            |       |    12 |     3 ||    15
  Eat: Bread ration      |     1 |     1 |       ||     2
Armor: Scale mail        |    30 |    44 |    30 ||   104
       Skin              |       |    38 |       ||    38
Dodge: Dodged            |    20 |    34 |    16 ||    70
       Deflected         |     1 |     1 |     2 ||     4
Block: Shield            |    32 |    92 |    31 ||   155
       Rpst.: Long sword |     4 |    10 |     7 ||    21
